 Dungeon Crawl Stone Soup version 0.30.0-5-g1a98f26d00 (webtiles) character file.

Game seed: 9548112542864746319

93 Strat the Insei (level 4, -9/23 HPs)
             Began as a Vine Stalker Fire Elementalist on May 8, 2023.
             Killed by nerve-wracking pain
             ... invoked by an orc priest
              (12 damage)
             ... on level 3 of the Dungeon.
             The game lasted 00:04:45 (2775 turns).

Strat the Insei (Vine Stalker Fire Elementalist)    Turns: 2775, Time: 00:04:46

Health: -9/23      AC:  4    Str: 12    XL:     4   Next: 62%
Magic:  0/8        EV: 12    Int: 15    God:
Gold:   103        SH:  0    Dex: 15    Spells: 4/7 levels left

rFire   . .          .
                       - Unarmed
rCold   . . .        (no shield)
rNeg    . . .        a - +0 robe
rPois   .            l - +0 helmet
rElec   .            (no cloak)
rCorr   .            d - +0 pair of gloves
SInv    .            (no boots)
Will    .....        (no amulet)
Stlth   ++           (no ring)
HPRegen 1.03/turn    (no ring)
MPRegen 0.11/turn

%: guardian spirit
@: no status effects
A: fangs 2, regeneration 1, magic shield, antimagic bite, no potion heal 2
a: no special abilities


You were on level 3 of the Dungeon.
You visited 1 branch of the dungeon, and saw 3 of its levels.

You collected 103 gold pieces.

Inventory:

Missiles
 h - 4 poisoned darts
Armour
 a - a +0 robe (worn)
 d - a +0 pair of gloves (worn)
 l - a +0 helmet (worn)
 m - a +2 ring mail of fire resistance
Jewellery
 k - a ring of positive energy
Scrolls
 e - a scroll of butterflies {unknown}
 f - 2 scrolls of amnesia {unknown}
 g - 2 scrolls of teleportation {unknown}
 i - 2 scrolls of identify {unknown}
 n - a scroll of noise {unknown}
 o - a scroll of fog {unknown}
Potions
 b - a potion of magic
 c - 2 potions of haste {unknown}
 j - 2 potions of heal wounds {unknown}


   Skills:
 + Level 1.9 Fighting
 - Level 1.5 Dodging
 - Level 2.4 Stealth
 * Level 3.3 Unarmed Combat
 - Level 2.1 Spellcasting
 - Level 1.0 Conjurations
 - Level 3.0 Fire Magic


You had 4 spell levels left.
You knew the following spells:

 Your Spells              Type           Power      Damage    Failure   Level
a - Foxfire               Conj/Fire      28%        2x1d5     10%         1
b - Scorch                Fire           20%        2d6       10%         2

Your spell library contained the following spells:

 Spells                   Type           Power      Damage    Failure   Level
 Lesser Beckoning         Tloc           2%         N/A       32%         2
 Inner Flame              Hex/Fire       6%         N/A       34%         3
 Volatile Blastmotes      Fire/Tloc      12%        2d11      34%         3
 Stone Arrow              Conj/Erth      6%         3d7       47%         3
 Gell's Gravitas          Tloc           1%         N/A       54%         3
 Teleport Other           Tloc           1%         N/A       54%         3
 Flame Wave               Conj/Fire      7%         2d5       67%         4
 Anguish                  Hex/Necr       0%         N/A       91%         4
 Animate Armour           Summ/Erth      2%         N/A       91%         4
 Cause Fear               Hex            0%         N/A       91%         4
 Enfeeble                 Hex            0%         N/A       100%        7
 Lehudib's Crystal Spear  Conj/Erth      1%         10d2      100%        8


Dungeon Overview and Level Annotations

Branches:
Dungeon (3/15)

Altars:
Fedhas

Shops:
D:3 ?


Innate Abilities, Weirdness & Mutations

You have extremely sharp teeth.
Your natural rate of healing is unusually fast.
When hurt, damage is shared between your health and your magic reserves.
Your bite disrupts and absorbs the magic of your enemies.
Potions cannot restore your health.


Message History

The orc hits you with a +0 whip.
You hit the orc.
You kill the orc!
You see here a +0 whip.
You start resting.
HP restored.
Magic restored.
Casting: Scorch (safe; 10% risk of failure)
Confirm with . or Enter, or press ? or * to list all spells.
Flames lash the orc priest.
The orc priest is heavily wounded.
The orc priest's fire resistance burns away.
The orc priest hits you with a +0 club.
You hit the orc priest but do no damage.
The orc priest is heavily wounded.
The orc priest calls down the wrath of Beogh upon you.
Beogh smites you!
* * * LOW HITPOINT WARNING * * *
You hit the orc priest but do no damage.
You bite the orc priest. You drain its power.
You feel invigorated.
The orc priest is heavily wounded.
The orc priest hits you with a +0 club.
* * * LOW HITPOINT WARNING * * *
You hit the orc priest but do no damage.
Your bite misses the orc priest.
The orc priest is heavily wounded.
The orc priest hits you with a +0 club.
* * * LOW HITPOINT WARNING * * *
Casting: Scorch (safe; 10% risk of failure)
Confirm with . or Enter, or press ? or * to list all spells.
Flames lash the orc priest.
The orc priest is severely wounded.
The orc priest mumbles some strange prayers to Beogh against you.
Beogh smites you!
* * * LOW HITPOINT WARNING * * *
You hit the orc priest.
The orc priest is severely wounded.
The orc priest calls down the wrath of Beogh upon you.
Pain shoots through your body!
Ouch! That really hurt!
You die...

....o.# ##.#.##......###...
....... #...##......##..#.
......o####..##............
#.o......)......#.###.
######...#......#.####
#####..........#.....
#.....#......###..... ########
##.o..........##..)..
#......######@................
#####...........##..#..#......
#.....).##..............##
#.....#...................
#.........................
#....)##..................
#...<........[......###...
#.........................
#######....###.........<..######


You could see an orc priest (combustible).

Vanquished Creatures
  An adder (D:2)
  3 worms
  4 dart slugs
  4 orcs (D:3)
  5 ball pythons
  7 bats
  7 endoplasms
  5 giant cockroaches
  4 goblins
  3 hobgoblins
  7 kobolds
  3 quokkas
  3 frilled lizards
  4 rats
60 creatures vanquished.

Vanquished Creatures (others)
  29 foxfires (D:1)
29 creatures vanquished.

Grand Total: 89 creatures vanquished

Notes
Turn   | Place    | Note
-------+----------+-------------------------------------------
     0 | D:1      | Strat the Vine Stalker Fire Elementalist began the quest
                  | for the Orb.
     0 | D:1      | Reached XP level 1. HP: 9/9 MP: 4/4
   158 | D:1      | Reached skill level 1 in Unarmed Combat
   188 | D:1      | Reached XP level 2. HP: 14/14 MP: 3/6
   191 | D:1      | Learned a level 2 spell: Scorch
   496 | D:1      | Reached skill level 1 in Fighting
   653 | D:1      | Reached XP level 3. HP: 18/18 MP: 4/7
  2043 | D:2      | Gained mutation: Your natural rate of healing is unusually
                  | fast. [Vine Stalker growth]
  2043 | D:2      | Reached XP level 4. HP: 10/22 MP: 2/8
  2396 | D:3      | Found Adam's Magic Scroll Emporium.
  2602 | D:3      | Found a blossoming altar of Fedhas.
  2775 | D:3      | Killed from afar by an orc priest

Illustrated notes

Levels and vault maps discovered:
D:1:      dpeg_arrival_pits, layout_basic
D:2:      layout_loops_cross, kennysheep_generic_room_7
D:3:      layout_rooms, overflow_temple_1_default, serial_shops, shop

Skill      XL: |  1  2  3  4 |
---------------+-------------+-----
Unarmed Combat | 1 2 3 |  3.3
Fighting       | 1 |  1.9
Dodging        | |  1.5
Stealth        | |  2.4
Spellcasting   | |  2.1
Conjurations   | |  1.0
Fire Magic     | |  3.0

Action                     |  1- 3 |  4- 6 || total
---------------------------+-------+-------++-------
  Melee: Unarmed           |    25 |    40 ||    65
         Bite              |     4 |    15 ||    19
         Punch             |     1 |       ||     1
   Cast: Foxfire           |    17 |       ||    17
         Scorch            |    32 |    13 ||    45
   Stab: Sleeping          |     1 |     4 ||     5
 Armour: Robe              |     4 |     7 ||    11
  Dodge: Dodged            |    24 |    20 ||    44
